 Dungeon Crawl Stone Soup version 0.27.1-34-g3ba077fa99 (webtiles) character file.

Game seed: 17474105454499532074

2635 belegose the Black Crusader (level 9, -6/85 HPs)
             Began as a Troll Monk on Jan 10, 2022.
             Was a Priest of Yredelemnul.
             Mangled by a troll (11 damage)
             ... on level 7 of the Dungeon.
             The game lasted 00:17:47 (6541 turns).

belegose the Black Crusader (Troll Monk)            Turns: 6541, Time: 00:17:48

Health: -6/85      AC:  4    Str: 22    XL:     9   Next: 35%
Magic:  14/14      EV: 10    Int:  8    God:    Yredelemnul [***...]
Gold:   322        SH:  0    Dex: 12    Spells: 8/8 levels left

rFire    + . .     SeeInvis .   p - +0 war axe (venom)
rCold    . . .     Faith    .   (no shield)
rNeg     . . .     Spirit   .   s - +0 robe {rF+}
rPois    .         Reflect  .   (helmet restricted)
rElec    .         Harm     .   (no cloak)
rCorr    .         Rampage  .   (gloves unavailable)
Will     .....                  (boots unavailable)
Stlth    ++........             q - amulet of regeneration
HPRegen  2.24/turn              (no ring)
MPRegen  0.14/turn              (no ring)

@: no status effects
A: large, unfitting armour, claws 3, regeneration 1, shaggy fur 1, tough skin 1
a: Renounce Religion, Recall Undead Slaves, Injury Mirror, Animate Dead


You were on level 7 of the Dungeon.
You worshipped Yredelemnul.
Yredelemnul was most pleased with you.
You visited 2 branches of the dungeon, and saw 9 of its levels.

You collected 322 gold pieces.

Inventory:

Hand Weapons
 a - a +0 mace
 p - a +0 war axe of venom (weapon)
 v - a +2 long sword of protection
 C - a +0 dagger of electrocution
Missiles
 c - 40 poisoned darts
 h - 77 stones (quivered)
 D - 10 boomerangs
Armour
 s - a +0 robe of fire resistance (worn)
 z - the +1 robe of Trial and Error {rC+ Will- Slay+4 Stlth+}
   (You found it on level 5 of the Dungeon)

   Slay:      It affects your accuracy & damage with ranged weapons and melee
   (+4).
   rC:        It protects you from cold.
   Will:      It decreases your willpower.
   Stlth:     It makes you more stealthy.
Jewellery
 q - an amulet of regeneration (around neck)
 y - a ring of fire
Wands
 b - a wand of iceblast (21)
 j - a wand of polymorph (4)
 w - a wand of mindburst (9)
 H - a wand of acid (11)
Scrolls
 i - 2 scrolls of fear {unknown}
 k - a scroll of fog
 l - 4 scrolls of teleportation
 n - a scroll of enchant weapon {unknown}
 t - a scroll of enchant armour {unknown}
 B - a scroll of holy word {unknown}
 F - a scroll of blinking {unknown}
Potions
 g - 7 potions of curing
 m - a potion of mutation
 o - 2 potions of ambrosia
 r - 2 potions of flight
 u - a potion of magic
 x - 2 potions of lignification
 E - a potion of might


   Skills:
 - Level 4.5 Fighting
 - Level 2.8(3.6) Axes
 - Level 3.8(4.4) Maces & Flails
 - Level 4.0 Throwing
 - Level 2.8 Dodging
 - Level 1.0 Stealth
 + Level 8.7 Invocations
 - Level 1.0 Evocations


You had 8 spell levels left.
You didn't know any spells.
Your spell library contained the following spells:

 Spells                   Type           Power      Damage    Failure   Level
 Magic Dart               Conj           0%         1d3       41%         1
 Slow                     Hex            0%         N/A       54%         2
 Confusing Touch          Hex            0%         N/A       78%         3
 Stone Arrow              Conj/Erth      0%         3d7       78%         3
 Vampiric Draining        Necr           0%         2d6       78%         3
 Bolt of Magma            Conj/Fire/Erth 0%         4d4       100%        5
 Shatter                  Erth           0%         3d5*      100%        9


Dungeon Overview and Level Annotations

Branches:
Dungeon (8/15)             Temple (1/1) D:4
   Lair: D:8-11

Altars:
Ashenzari
Cheibriados
Dithmenos
Elyvilon
Fedhas
Gozag
Hepliaklqana
Kikubaaqudgha
Makhleb
Nemelex Xobeh
Okawaru
Ru
Sif Muna
Trog
Uskayaw
Vehumet
Wu Jian
Xom
Yredelemnul
The Shining One


Innate Abilities, Weirdness & Mutations

You are too large for most types of armour.
You have claws for hands.
Your natural rate of healing is unusually fast.
You are covered in fur. (AC +1)
You have tough skin. (AC +1)


Message History

The troll barely misses your killer bee zombie.
Your killer bee zombie hits the troll.
The hound bites you but does no damage.
You call on the dead to rise...
There are no remains here to animate!
Unknown command.
You closely miss the hound.
The hound is moderately wounded.
Your killer bee zombie misses the hound.
Your killer bee zombie hits the troll.
The hound closely misses you.
Your killer bee zombie hits the hound.
The troll bites your killer bee zombie!
Your killer bee zombie is destroyed!
The hound misses you. The troll bites your killer bee zombie!
Your killer bee zombie is destroyed!
You hit the hound.
The hound is poisoned.
The hound is heavily wounded.
The hound closely misses you. The hound bites you.
* * * LOW HITPOINT WARNING * * *
You feel much better. The hound bites you.
Unknown command.
You hit the hound.
The hound looks as sick as possible!
The hound is almost dead.
You kill the hound!
Yredelemnul accepts your kill.
You barely miss the troll.
The troll is moderately wounded.
The troll bites you! The troll closely misses you. The troll claws you!
The troll bites you!
* * * LOW HITPOINT WARNING * * *
The troll claws you but does no damage. The troll claws you!
* * * LOW HITPOINT WARNING * * *
Aiming: Corrosive Bolt
Press: ? - help, Shift-Dir - straight line, f - troll
Aim: a troll (lightly wounded, 71% to hit)
The bolt of acid hits the troll!
The troll is splashed with acid.
The acid corrodes the troll!
The troll is heavily wounded.
The troll bites you.
* * * LOW HITPOINT WARNING * * *
The troll claws you!
You die...
Your body rises from the dead as a mindless zombie.

#.# #..#..#.#.#.###.# # #.#
#...............# #
#.#####...#.#.##############
##.##(..<#.#.................
#............#.#######..#####
#########.#####..#.# #.......
...# #.# #..#.# #...#### ...#
####'######T#.# #..>#### ...#
#........##@#.# #.###... ...#
#........####.## #.##....
...# #........'.....##
###..... ####
#........#####..# ##...♣Z♣
#........# ##.## ##...♣♣Z♣
########## #..###...♣♣...
##.##...♣♣.... #.#Z..♣♣.!...
#.'Z.♣♣♣..._.


You could see a troll (corroded).

Vanquished Creatures
  A steam dragon (D:6)
  A water moccasin (D:7)
  2 ice beasts
  2 black bears (D:6)
  2 ogres
  A necrophage (D:5)
  A phantom (D:7)
  3 bullfrogs (D:7)
  2 scorpions
  A water moccasin skeleton (D:6)
  4 killer bees (D:7)
  A bullfrog zombie (D:6)
  A centaur zombie (D:5)
  6 hounds
  4 orc priests
  A bullfrog skeleton (D:6)
  2 centaur skeletons
  2 iguanas
  12 orc wizards
  2 hound skeletons (D:4)
  3 gnolls
  5 adders
  3 white imps
  An ufetubus (D:6)
  An adder skeleton (D:4)
  A worm (D:3)
  3 dart slugs
  25 orcs
  10 ball pythons
  4 bats
  An endoplasm (D:2)
  7 giant cockroaches
  A goblin (D:4)
  6 hobgoblins
  3 jackals (D:4)
  7 kobolds
  4 quokkas
  3 frilled lizards
  7 rats
146 creatures vanquished.

Vanquished Creatures (collateral kills)
  A wolf (D:7)
  A scorpion (D:7)
  A killer bee (D:7)
  A centaur zombie (D:7)
  A gnoll shaman (D:7)
  3 orc wizards
  2 orcs (D:7)
10 creatures vanquished.

Vanquished Creatures (others)
  2 bullfrog zombies (D:7)
  An orc (D:6)
  2 killer bee zombies (D:7)
  An ogre zombie (D:7)
  3 orc zombies (D:7)
  15 plants (D:2)
24 creatures vanquished.

Grand Total: 180 creatures vanquished

Notes
Turn   | Place    | Note
-------+----------+-------------------------------------------
     0 | D:1      | belegose the Troll Monk began the quest for the Orb.
     0 | D:1      | Reached XP level 1. HP: 22/22 MP: 0/0
   137 | D:1      | Reached XP level 2. HP: 29/29 MP: 1/1
   843 | D:2      | Reached XP level 3. HP: 34/36 MP: 2/2
   863 | D:2      | Found a faded altar of an unknown god.
  1120 | D:2      | Reached skill level 1 in Throwing
  1665 | D:3      | Reached XP level 4. HP: 44/44 MP: 3/3
  1838 | D:3      | Reached XP level 5. HP: 46/53 MP: 4/4
  2518 | D:4      | Reached skill level 1 in Axes
  2518 | D:4      | Reached XP level 6. HP: 62/62 MP: 5/5
  2720 | D:4      | Found a burning altar of Makhleb.
  3148 | D:4      | Reached XP level 7. HP: 69/70 MP: 6/6
  3254 | D:4      | Found a staircase to the Ecumenical Temple.
  3535 | D:4      | Found an ornate altar of the Wu Jian Council.
  3541 | D:4      | Noticed a spectral centipede
  3541 | D:4      | Noticed a spectral black mamba
  3541 | D:4      | Noticed a spectral cane toad
  3617 | D:5      | Entered Level 5 of the Dungeon
  3844 | D:5      | You fall into a shaft and drop 2 floors!
  4126 | D:5      | Identified the +1 robe of Trial and Error {rC+ Will- Slay+4
                  | Stlth+}
  4238 | Temple   | Entered the Ecumenical Temple
  4304 | Temple   | Became a worshipper of Yredelemnul the Dark
  4304 | Temple   | Reached * piety under Yredelemnul
  4304 | Temple   | Reached ** piety under Yredelemnul
  4411 | D:5      | Reached skill level 1 in Evocations
  4496 | D:5      | Reached skill level 1 in Invocations
  4619 | D:6      | Reached skill level 2 in Invocations
  4774 | D:6      | Reached XP level 8. HP: 76/77 MP: 7/9
  4824 | D:6      | Reached skill level 3 in Invocations
  4873 | D:6      | Reached skill level 4 in Invocations
  4979 | D:6      | Reached skill level 5 in Invocations
  5384 | D:6      | Found a radiant altar of Vehumet.
  5388 | D:6      | Reached skill level 6 in Invocations
  5421 | D:6      | Got Vehumet's Guide on Arcane Weapons
  5430 | D:6      | Found an ancient bone altar of Kikubaaqudgha.
  5444 | D:6      | Found a shimmering blue altar of Sif Muna.
  5665 | D:7      | Found a broken altar of Ashenzari.
  5687 | D:7      | Reached skill level 7 in Invocations
  5761 | D:7      | Reached *** piety under Yredelemnul
  5769 | D:7      | Reached XP level 9. HP: 50/85 MP: 13/13
  6116 | D:7      | Found a glowing golden altar of the Shining One.
  6125 | D:7      | Reached skill level 8 in Invocations
  6269 | D:7      | Received a gift from Yredelemnul (a mummy)
  6509 | D:8      | Noticed a troll
  6541 | D:7      | Mangled by a troll

Illustrated notes

Levels and vault maps discovered:
D:1:      saegor_arrival_simple_d, layout_basic, dk_noncrumbling_3
D:2:      layout_basic, serial_bayou, serial_bayou_pond_c,
          serial_bayou_lagoon_b, serial_bayou_pond_a, serial_bayou_pond_b,
          serial_bayou_lagoon_a, hellmonk_ecumenical_altar_leap_of_faith
D:3:      layout_rooms, serial_corexii_hall, corexii_hall_statues_l,
          corexii_hall_statues_x, corexii_hall_statues_s
D:4:      layout_gridville, makhleb_heckhound_becter,
          pdpol_wu_jian_five_deadly_venoms, minmay_temple_entry_from_below_a,
          hex_tiny
D:5:      layout_basic
D:6:      layout_loops_ring, palyth_temple_overflow_mages,
          mrwooster_statue_mirror, eino_curves_01
D:7:      layout_basic, kennysheep_mini, kennysheep_path_1,
          minmay_misc_feat_encased, kennysheep_diamond,
          hangedman_abyss_or_decor_stagger
D:8:      layout_gridville, nicolae_qazlal_style_of_elements,
          nicolae_overflow_crystal_walls, erik_lair_island
Temple:   cyrus_circular_temple

Skill      XL: |  1  2  3  4  5  6  7  8  9 |
---------------+----------------------------+-----
Maces & Flails | 3 |  3.8
Throwing       | 1 2 3 4 |  4.0
Fighting       | 3 4 |  4.5
Axes           | 1 2 |  2.8
Evocations     | 1 |  1.0
Invocations    | 2 7 8 |  8.7
Dodging        | |  2.8
Stealth        | |  1.0

Action                   |  1- 3 |  4- 6 |  7- 9 || total
-------------------------+-------+-------+-------++-------
Melee: Mace              |   122 |    65 |       ||   187
       War axe           |       |    74 |   258 ||   332
Throw: Dart              |       |     5 |       ||     5
       Stone             |       |       |     6 ||     6
Invok: Animate Remains   |       |       |     6 ||     6
       Animate Dead      |       |       |     2 ||     2
Evoke: Wand              |       |       |     1 ||     1
  Use: Scroll            |       |     4 |     8 ||    12
       Potion            |       |       |     1 ||     1
 Stab: Sleeping          |       |     2 |     4 ||     6
Armor: Robe              |    53 |    37 |   118 ||   208
Dodge: Dodged            |    79 |    64 |   144 ||   287
